AoeStats
← agnesnqn

Yucatan

503282936Analyzed
3v3 RM · 1mo ago on Aug 31, 2026· 51m 39s· 6 players
Game mode
Random Map
Map size
Normal (6 player)
Population
200
Speed
Normal
Resources
Standard
Victory
Conquest
Starting age
Dark Age
Ending age
Imperial Age
RankedLock teamsTeams togetherTeam positionsShared explorationLock speedFull tech treeHidden civsTurbo modeCheats
Victory
Defeat
🇦🇷 Wei · Argentina
636
+18
🇫🇷 Sicilians · France
632
+19
🇪🇸 Ethiopians · Spain
621
+19
🇦🇷 Persians · Argentina
818
-24
🇦🇷 Vietnamese · Argentina
776
-22
🇲🇽 Celts · Mexico
476
-13
alexito34563
2:51 Loom
15:36 Feudal Age
20:38 Castle Age
21:44 Wheelbarrow
21:02 Double-Bit Axe
21:14 Fletching
21:26 Padded Archer Armor
23:05 Bow Saw
23:16 Hand Cart
26:03 Crossbowman
30:52 Ballistics
31:11 Thumb Ring
33:36 Gold Mining
33:39 Stone Mining
34:08 Bodkin Arrow
39:14 Forging
39:22 Leather Archer Armor
Sir Var Da Gar
7:39 Loom
11:45 Feudal Age
13:14 Wheelbarrow
12:30 Double-Bit Axe
12:29 Horse Collar
23:03 Castle Age
22:14 Scale Mail Armor
22:25 Forging
26:16 Iron Casting
25:34 Fletching
26:22 Pikeman
29:29 Bodkin Arrow
29:51 Chain Mail Armor
33:01 Bow Saw
33:19 Ballistics
33:19 Heavy Plow
34:44 Murder Holes
41:03 Squires
42:36 Hand Cart
49:52 Imperial Age
50:03 Elite Serjeant
52:36 Chemistry
agnesnqn
2:52 Loom
10:41 Feudal Age
11:10 Double-Bit Axe
11:09 Horse Collar
11:29 Gold Mining
16:56 Castle Age
15:31 Stone Mining
15:37 Horse Collar
20:07 Bow Saw
22:19 Heavy Plow
26:06 Ballistics
26:01 Thumb Ring
26:43 Wheelbarrow
27:19 Tuntian
31:40 Imperial Age
30:40 Gold Shaft Mining
30:22 Scale Mail Armor
30:33 Forging
30:32 Scale Barding Armor
31:06 Bloodlines
30:57 Husbandry
32:00 Hand Cart
32:54 Ming Guang Armor
33:05 Ming Guang Armor
33:07 Chain Barding Armor
33:23 Iron Casting
33:48 Fletching
33:58 Padded Archer Armor
35:00 Chemistry
34:35 Parthian Tactics
34:29 Elite Tiger Cavalry
36:30 Stone Shaft Mining
38:10 Blast Furnace
37:10 Scale Mail Armor
37:09 Bodkin Arrow
47:18 Town Watch
47:58 Bracer
48:13 Leather Archer Armor
Anniematic
16:24 Feudal Age
18:25 Horse Collar
19:04 Double-Bit Axe
19:16 Gold Mining
19:16 Stone Mining
19:17 Man-at-Arms
19:45 Arson
34:42 Castle Age
37:24 Forging
cachitrulo
8:39 Loom
14:02 Feudal Age
19:50 Castle Age
21:20 Double-Bit Axe
22:18 Wheelbarrow
21:29 Town Watch
21:30 Loom
25:45 Horse Collar
29:18 Heavy Plow
31:55 Scale Barding Armor
35:19 Bloodlines
51:31 Imperial Age
49:52 Husbandry
52:17 Conscription
Atata11
3:49 Loom
13:59 Feudal Age
16:04 Double-Bit Axe
18:42 Wheelbarrow
18:02 Gold Mining
22:31 Castle Age
25:02 Forging
24:47 Fletching
24:57 Padded Archer Armor
29:28 Imperial Age
28:23 Stone Mining
28:49 Bow Saw
28:22 Horse Collar
29:08 Bodkin Arrow
30:03 Leather Archer Armor
30:25 Treadmill Crane
32:00 Hand Cart
33:18 Heavy Plow
35:18 Ballistics
36:22 Bracer
38:58 Paper Money
41:20 Ring Archer Armor
41:53 Chemistry
41:40 Crop Rotation
41:41 Elite Skirmisher
43:01 Imperial Skirmisher
46:34 Elite Rattan Archer
48:59 Bombard Tower
Connection lost

Rejoining the realm…

Still unreachable

The connection could not be restored.

Session expired

The server has moved on; the page needs a fresh start.